 Dungeon Crawl Stone Soup version 0.27.0-1-g7a089689b8 (webtiles) character file.

Game seed: 6888607709315945711

1065 SnakkuSnakku7 the Basher (level 8, 0/74 HPs)
             Began as a Minotaur Monk on Aug 11, 2021.
             Was a Believer of Okawaru.
             Slain by an iguana (7 damage)
             ... on level 5 of the Dungeon.
             The game lasted 00:04:30 (3104 turns).

SnakkuSnakku7 the Basher (Minotaur Monk)            Turns: 3104, Time: 00:04:31

Health: 0/74       AC:  8    Str: 18    XL:     8   Next: 6%
Magic:  8/8        EV: 10    Int:  7    God:    Okawaru [**....]
Gold:   254        SH:  0    Dex: 13    Spells: 7/7 levels left

rFire    . . .     SeeInvis .   a - +0 mace
rCold    . . .     Faith    .   (no shield)
rNeg     . . .     Spirit   .   s - +0 scale mail
rPois    .         Reflect  .   (helmet restricted)
rElec    .         Harm     .   (no cloak)
rCorr    .         Rampage  .   o - +1 pair of gloves
Will     +....                  (no boots)
Stlth    ..........             r - amulet of regeneration
HPRegen  1.22/turn              m - ring of willpower
MPRegen  0.11/turn              (no ring)

@: no status effects
A: horns 2, retaliatory headbutt
a: Renounce Religion, Heroism


You were on level 5 of the Dungeon.
You worshipped Okawaru.
Okawaru was pleased with you.
You visited 2 branches of the dungeon, and saw 7 of its levels.

You collected 254 gold pieces.

Inventory:

Hand Weapons
 a - a +0 mace (weapon)
Armour
 b - a +0 robe
 o - a +1 pair of gloves (worn)
 s - a +0 scale mail (worn)
Jewellery
 m - a ring of willpower (left hand)
 r - an amulet of regeneration (around neck)
Wands
 k - a wand of digging (11)
Scrolls
 c - 4 scrolls of fear {unknown}
 d - a scroll of torment {unknown}
 e - a scroll of enchant armour
 i - a scroll of magic mapping {unknown}
 l - a scroll of identify {unknown}
 n - a scroll of enchant weapon {unknown}
 t - a scroll of silence {unknown}
Potions
 f - 4 potions of heal wounds {unknown}
 g - 2 potions of brilliance {unknown}
 h - a potion of might {unknown}
 j - 2 potions of curing
 p - a potion of haste {unknown}
 q - a potion of resistance {unknown}


   Skills:
 - Level 8.0 Fighting
 + Level 9.1 Maces & Flails
 - Level 3.2 Dodging
 - Level 1.5 Stealth
 + Level 2.1 Invocations


You had 7 spell levels left.
You didn't know any spells.
Your spell library contained the following spells:

 Spells                   Type           Power      Damage    Failure   Level
 Magic Dart               Conj           0%         1d3       85%         1
 Searing Ray              Conj           0%         3d3       94%         2
 Sublimation of Blood     Necr           0%         N/A       94%         2
 Wereblood                Tmut           0%         N/A       94%         2
 Call Canine Familiar     Summ           0%         N/A       99%         3
 Portal Projectile        Hex/Tloc       0%         N/A       99%         3
 Fulminant Prism          Conj/Hex       0%         3d6       100%        4
 Leda's Liquefaction      Hex/Erth       0%         N/A       100%        4
 Petrify                  Tmut/Erth      0%         N/A       100%        4
 Irradiate                Conj/Tmut      0%         3d14      100%        5
 Summon Hydra             Summ           0%         N/A       100%        7


Dungeon Overview and Level Annotations

Branches:
Dungeon (6/15)             Temple (1/1) D:4

Altars:
Elyvilon
Fedhas
Gozag
Kikubaaqudgha
Makhleb
Nemelex Xobeh
Okawaru
Sif Muna
Trog
Xom
Zin
The Shining One


Innate Abilities, Weirdness & Mutations

You have a pair of horns on your head.
You reflexively headbutt those who attack you in melee.


Message History

The adder closely misses you.
The gnoll throws a throwing net.
The throwing net hits you.
You become entangled in the net!
You see here a throwing net.
You struggle against the net.
The adder bites you.
You are poisoned.
The adder poisons you! The gnoll barely misses you.
The adder bites you but does no damage.
You struggle against the net.
You feel sick. The adder bites you but does no damage. The iguana bites you!
The gnoll hits you with a +0 flail.
You tear a large gash into the net.
You feel sick. The adder bites you.
The gnoll hits you from afar with a +0 halberd!
The iguana bites you! The gnoll hits you with a +0 whip.
The gnoll hits you with a +0 flail.
You struggle against the net.
You feel sick. The adder bites you but does no damage.
The gnoll hits you from afar with a +0 halberd.
The iguana barely misses you. The gnoll closely misses you.
You furiously retaliate!
You headbutt the gnoll! The gnoll closely misses you.
You shred the net and break free!
You feel sick. The adder barely misses you. The gnoll closely misses you.
The iguana bites you. The adder bites you.
* * * LOW HITPOINT WARNING * * *
The gnoll hits you with a +0 flail!
* * * LOW HITPOINT WARNING * * *
The gnoll hits you with a +0 whip.
* * * LOW HITPOINT WARNING * * *
The iguana bites you.
* * * LOW HITPOINT WARNING * * *
You feel sick.
Okay, then.
It was a potion of curing.
You feel better. The adder misses you. The iguana barely misses you.
The gnoll hits you with a +0 whip.
* * * LOW HITPOINT WARNING * * *
The iguana bites you!
* * * LOW HITPOINT WARNING * * *
The gnoll barely misses you. The adder bites you but does no damage.
The adder closely misses you. The iguana bites you!
You die...

#....................## #..
#....................####.#
#......................#..#
#...................)..†.##
##........................##
..#........................#
#...........g...............
#........lS...............
#........@lg..............
###.....##g...............
#....########..........#
##..## ####..###### #..#
...# ##.###########..#
#..........#...#
#..............####
#.................##


You could see 2 iguanas, 3 gnolls and an adder.

Vanquished Creatures
  Pikel (D:6)
  An ogre (D:4)
  A necrophage (D:4)
  A bullfrog (D:6)
  A water moccasin skeleton (D:5)
  A jelly (D:6)
  An orc priest (D:4)
  4 iguanas
  An orc wizard (D:4)
  8 adders
  A white imp (D:6)
  An adder skeleton (D:4)
  A dart slug (D:1)
  7 orcs
  8 endoplasms
  4 giant cockroaches
  8 goblins
  8 hobgoblins
  7 jackals
  3 ball pythons
  5 bats
  A frilled lizard (D:1)
  5 kobolds
  3 rats
82 creatures vanquished.

Vanquished Creatures (others)
  4 plants
4 creatures vanquished.

Grand Total: 86 creatures vanquished

Notes
Turn   | Place    | Note
-------+----------+-------------------------------------------
     0 | D:1      | SnakkuSnakku7 the Minotaur Monk began the quest for the
                  | Orb.
     0 | D:1      | Reached XP level 1. HP: 19/19 MP: 0/0
   116 | D:1      | Reached skill level 4 in Maces & Flails
   123 | D:1      | Reached XP level 2. HP: 14/27 MP: 1/1
   505 | D:1      | Found a faded altar of an unknown god.
   582 | D:2      | Reached XP level 3. HP: 34/34 MP: 2/2
  1092 | D:2      | Found a glowing golden altar of the Shining One.
  1373 | D:3      | Reached XP level 4. HP: 28/41 MP: 3/3
  1586 | D:3      | Reached skill level 5 in Fighting
  1587 | D:3      | Reached skill level 5 in Maces & Flails
  1771 | D:3      | Found a glowing silver altar of Zin.
  2011 | D:4      | Noticed a necrophage
  2022 | D:4      | Killed a necrophage
  2023 | D:4      | Reached XP level 5. HP: 49/50 MP: 2/4
  2117 | D:4      | Noticed an ogre
  2244 | D:4      | Reached skill level 6 in Maces & Flails
  2348 | D:4      | Killed an ogre
  2349 | D:4      | Reached XP level 6. HP: 54/58 MP: 5/5
  2486 | D:4      | Found a staircase to the Ecumenical Temple.
  2495 | Temple   | Entered the Ecumenical Temple
  2544 | Temple   | Became a worshipper of Warmaster Okawaru
  2544 | Temple   | Reached * piety under Okawaru
  2544 | Temple   | Reached ** piety under Okawaru
  2867 | D:5      | Entered Level 5 of the Dungeon
  2938 | D:5      | You fall into a shaft and drop 1 floor!
  2941 | D:6      | Noticed Pikel
  2977 | D:6      | Killed Pikel
  2978 | D:6      | Reached skill level 8 in Maces & Flails
  2978 | D:6      | Reached XP level 7. HP: 56/68 MP: 3/6
  3033 | D:6      | Reached skill level 1 in Invocations
  3080 | D:5      | Reached skill level 9 in Maces & Flails
  3080 | D:5      | Reached XP level 8. HP: 70/74 MP: 8/8
  3104 | D:5      | Slain by an iguana

Illustrated notes

Levels and vault maps discovered:
D:1:      co_arrival_square_in_a_square_in_a_square, layout_basic,
          shapermc_ecumenical_altar_hornbeckon
D:2:      layout_basic, basic_altar, minmay_worlds_worst_comb
D:3:      layout_loops_cross, mainiacjoe_overflow_paths
D:4:      cheibrodos_pilgrimage, layout_loops_ring, temple_hall, corexii_shack
D:5:      layout_cave_pods, serial_shops, kennysheep_little_box
D:6:      layout_cave_pools, uniq_pikel, uniq_eustachio
Temple:   eino_temple_scatter_basement

Skill      XL: |  1  2  3  4  5  6  7  8 |
---------------+-------------------------+-----
Fighting       | 4 5 6 8 |  8.0
Maces & Flails | 4 5 6 8 9 |  9.1
Invocations    | 1 2 |  2.1
Dodging        | |  3.2
Stealth        | |  1.5

Action                   |  1- 3 |  4- 6 |  7- 9 || total
-------------------------+-------+-------+-------++-------
Melee: Mace              |    66 |   110 |    31 ||   207
       Headbutt          |     7 |    19 |     5 ||    31
       Punch             |       |     1 |       ||     1
Invok: Heroism           |       |     2 |       ||     2
  Use: Scroll            |       |     1 |       ||     1
       Potion            |       |       |     1 ||     1
 Stab: Sleeping          |     5 |     5 |       ||    10
Armor: Robe              |    28 |    13 |       ||    41
       Scale mail        |       |     3 |    17 ||    20
Dodge: Dodged            |    44 |    54 |    29 ||   127
